 Dungeon Crawl Stone Soup version 0.24.1-14-gf8d2b509d9 (webtiles) character file.

Game seed: 18339566064285956992, levelgen mode: deterministic

109 Gabide the Ducker (level 5, -1/29 HPs)
             Began as a Kobold Monk on May 22, 2020.
             Was a Believer of Hepliaklqana.
             Slain by a gnoll (6 damage)
             ... on level 3 of the Dungeon.
             The game lasted 00:04:34 (1826 turns).

Gabide the Ducker (Kobold Monk)                     Turns: 1826, Time: 00:04:35

Health: -1/29      AC:  3    Str:  9    XL:     5   Next: 13%
Magic:  5/5        EV: 17    Int: 11    God:    Hepliaklqana [**....]
Gold:   102        SH:  0    Dex: 16    Spells: 4/4 levels left

rFire    . . .     SeeInvis .   a - +3 mace
rCold    . . .     Gourm    .   (shield restricted)
rNeg     + . .     Faith    .   b - +0 robe
rPois    .         Spirit   .   (no helmet)
rElec    .         Reflect  .   k - +0 cloak
rCorr    +         Harm     .   (no gloves)
MR       .....                  (no boots)
Stlth    ++........             (no amulet)
HPRegen  0.09/turn              f - ring of positive energy
MPRegen  0.09/turn              g - ring of resist corrosion

@: hasted, very quick
A: small, reduced essence, hooves 1, carnivore, clumsy 1, sturdy frame 1
a: Recall Ancestor, Ancestor Identity, Renounce Religion


You were on level 3 of the Dungeon.
You worshipped Hepliaklqana.
Hepliaklqana was pleased with you.
You were not hungry.

You visited 1 branch of the dungeon, and saw 3 of its levels.

You collected 102 gold pieces.

Inventory:

Hand Weapons
 a - a +3 mace (weapon)
Armour
 b - a +0 robe (worn)
 k - a +0 cloak (worn)
Jewellery
 f - a ring of positive energy (left hand)
 g - a ring of resist corrosion (right hand)
 h - an uncursed ring of positive energy
Scrolls
 i - a scroll of amnesia
 j - a scroll of teleportation {unknown}
 m - a scroll of identify
 n - a scroll of remove curse {unknown}
Potions
 d - 2 potions of haste
 e - 2 potions of agility {unknown}
 l - a potion of lignification {unknown}
Comestibles
 c - 5 rations


   Skills:
 + Level 3.7 Fighting
 * Level 4.1 Maces & Flails
 * Level 4.4 Dodging
 + Level 3.1 Stealth


You had 4 spell levels left.
You didn't know any spells.
Your spell library was empty.

Dungeon Overview and Level Annotations

Branches:
Dungeon (3/15)

Altars:
Hepliaklqana


Innate Abilities, Weirdness & Mutations

You are small and have problems with some larger weapons.
You are carnivorous and can eat meat at any time.
Your life essence is reduced to manifest your ancestor. (-10% HP)
You have large cloven feet.
You are clumsy. (Dex -2)
Your movements are slightly less encumbered by armour. (ER -2)


Message History

The gnoll misses you.
Jargus hits the gnoll with a +0 flail!
The gnoll dies!
You see here a dart slug corpse.
The gnoll misses you.
Found a stone staircase leading up.
You hit the gnoll but do no damage.
The gnoll hits you from afar with a +0 spear!
Jargus hits the gnoll with a +0 flail.
The gnoll hits you. The gnoll barely misses you.
Jargus barely misses the gnoll.
Jargus hits the gnoll with a +0 flail.
You hit the gnoll but do no damage.
The gnoll is moderately wounded.
The gnoll misses you.
There is a stone staircase leading up here.
A rat comes into view.
The gnoll hits you from afar with a +0 spear!
* * * LOW HITPOINT WARNING * * *
You feel yourself speed up. The gnoll hits you.
You die...

≈≈≈≈≈≈≈≈≈≈≈≈≈≈
≈≈≈≈≈≈≈≈≈≈≈≈≈
≈≈...≈.≈≈... .......≈≈..
...≈...≈≈.#####
.r............. ..
#............. .... ...
#.....@.## ###.......<
#......g.####...#.#....
#......gR.....###.#....
≈..........#.....#......
≈.....<...!.............
≈.................)#....
≈.≈≈...........†..[....#
≈..≈............†.†###..
≈≈≈..............).....


You could see the friendly Jargus the knight, 2 gnolls and a rat.

Vanquished Creatures
  An orc priest (D:3)
  Terence (D:2)
  An ooze (D:1)
  A dart slug (D:2)
  3 leopard geckos (D:1)
  2 orcs (D:3)
  2 giant cockroaches
  3 hobgoblins
  5 bats
  3 frilled lizards
  A goblin (D:1)
  4 kobolds (D:1)
  4 rats (D:1)
31 creatures vanquished.

Vanquished Creatures (collateral kills)
  A gnoll (D:3)
  A dart slug (D:3)
  An orc (D:3)
3 creatures vanquished.

Grand Total: 34 creatures vanquished

Notes
Turn   | Place    | Note
-------+----------+-------------------------------------------
     0 | D:1      | Gabide the Kobold Monk began the quest for the Orb.
     0 | D:1      | Reached XP level 1. HP: 14/14 MP: 1/1
    44 | D:1      | Reached XP level 2. HP: 14/19 MP: 2/2
   608 | D:1      | Reached XP level 3. HP: 11/23 MP: 3/3
  1087 | D:2      | Found a faded altar of an unknown god.
  1087 | D:2      | Noticed Terence
  1100 | D:2      | Killed Terence
  1100 | D:2      | Reached XP level 4. HP: 28/28 MP: 4/4
  1104 | D:2      | Gained mutation: You are agile. (Dex +2) [potion of
                  | mutation]
  1104 | D:2      | Gained mutation: Your movements are slightly less
                  | encumbered by armour. (ER -2) [potion of mutation]
  1105 | D:2      | Lost mutation: You are agile. (Dex +2) [potion of mutation]
  1105 | D:2      | Gained mutation: You tend to lose your temper in combat.
                  | [potion of mutation]
  1105 | D:2      | Lost mutation: You tend to lose your temper in combat.
                  | [potion of mutation]
  1105 | D:2      | Gained mutation: You possess an exceptional clarity of
                  | mind. [potion of mutation]
  1106 | D:2      | Lost mutation: You possess an exceptional clarity of mind.
                  | [potion of mutation]
  1106 | D:2      | Gained mutation: You are clumsy. (Dex -2) [potion of
                  | mutation]
  1106 | D:2      | Gained mutation: You have large cloven feet. [potion of
                  | mutation]
  1210 | D:2      | Found a hazy altar of Hepliaklqana.
  1233 | D:2      | Became a worshipper of Hepliaklqana the Forgotten
  1233 | D:2      | Reached * piety under Hepliaklqana
  1233 | D:2      | Reached ** piety under Hepliaklqana
  1234 | D:2      | Remembered your ancestor Jargus as a knight
  1809 | D:3      | Reached XP level 5. HP: 20/29 MP: 5/5
  1826 | D:3      | Slain by a gnoll

Levels and vault maps discovered:
D:1:      wander_arrival_estate, layout_rooms
D:2:      wander_river, layout_basic, old_standard_altar,
          chequers_ecumenical_altar_simple, uniq_terence
D:3:      layout_rooms, old_standard_altar, first_ration, serial_rivers,
          chequers_serial_rivers_marsh, chequers_serial_rivers_small_3,
          chequers_serial_rivers_micro_a, chequers_serial_rivers_small_3,
          chequers_serial_rivers_small_b, chequers_serial_rivers_small_b,
          uniq_crazy_yiuf_cottage, uniq_natasha

Skill      XL: |  1  2  3  4 |
---------------+-------------+-----
Maces & Flails | 3 4 |  4.1
Dodging        | 4 |  4.4
Stealth        | 3 |  3.1
Fighting       | |  3.7

Action                   |  1- 3 |  4- 6 || total
-------------------------+-------+-------++-------
Melee: Mace              |    75 |    27 ||   102
       Kick              |       |     6 ||     6
Invok: Ancestor Life: Kn |       |     1 ||     1
       Ancestor Identity |       |     1 ||     1
  Use: Scroll            |     7 |     2 ||     9
       Potion            |       |     4 ||     4
 Stab: Sleeping          |     4 |     2 ||     6
  Eat: Chunk             |     4 |     2 ||     6
Armor: Robe              |     9 |     5 ||    14
Dodge: Dodged            |    75 |    25 ||   100
